 Dungeon Crawl Stone Soup version 0.29-a0-330-g52719c12eb (webtiles) character file.

Game seed: 11703863456183308666

364 kae the Firebug (level 6, -2/36 HPs)
             Began as an Octopode Fire Elementalist on Apr 23, 2022.
             Slain by a water moccasin (6 damage)
             ... on level 3 of the Dungeon.
             The game lasted 00:01:43 (3445 turns).

kae the Firebug (Octopode Fire Elementalist)        Turns: 3445, Time: 00:01:44

Health: -2/36      AC:  5    Str:  7    XL:     6   Next: 67%
Magic:  6/11       EV: 13    Int: 25    God:
Gold:   231        SH:  0    Dex: 13    Spells: 3/12 levels left

rFire   . . .      SeeInvis .   e - +0 falchion
rCold   . . .      Faith    .   (no shield)
rNeg    . . .      Spirit   .   (helmet restricted)
rPois   .          Reflect  .   (no amulet)
rElec   .          Harm     .   f - +4 ring of protection
rCorr   .          Rampage  .   m - +6 ring of intelligence
Will    .....                   (no ring)
Stlth   +++.......              (no ring)
HPRegen 0.12/turn               (no ring)
MPRegen 0.12/turn               (no ring)
                                (no ring)
                                (no ring)

@: lethally poisoned (-2 -> -11)
A: almost no armour, amphibious, 8 rings, camouflage 1, gelatinous body 1,
(nimble swimmer 1), tentacles
a: no special abilities


You were on level 3 of the Dungeon.
You visited 1 branch of the dungeon, and saw 3 of its levels.

You collected 231 gold pieces.

Inventory:

Hand Weapons
 e - a +0 falchion (weapon)
Jewellery
 f - a +4 ring of protection (left tentacle)
 m - a +6 ring of intelligence (right tentacle)
 q - a ring of ice
Wands
 r - a wand of flame (14)
Scrolls
 d - 2 scrolls of identify {unknown}
 h - 3 scrolls of brand weapon {unknown}
 k - 2 scrolls of enchant weapon {unknown}
 l - 2 scrolls of teleportation {unknown}
 p - a scroll of noise {unknown}
Potions
 a - a potion of magic
 b - 2 potions of curing
 c - 2 potions of degeneration {unknown}
 g - 2 potions of heal wounds {unknown}
 i - a potion of haste {unknown}
 j - a potion of lignification {unknown}
 n - 2 potions of resistance {unknown}
 o - a potion of brilliance


   Skills:
 - Level 2.0 Dodging
 - Level 2.6 Stealth
 + Level 3.9 Spellcasting
 + Level 3.8 Conjurations
 + Level 4.8 Fire Magic


You had 3 spell levels left.
You knew the following spells:

 Your Spells              Type           Power      Damage    Failure   Level
a - Foxfire               Conj/Fire      100%       2x1d9     1%          1
b - Scorch                Fire           58%        2d7       1%          2
c - Conjure Flame         Conj/Fire      26%        6-21      4%          3
d - Inner Flame           Hex/Fire       17%        N/A       10%         3

Your spell library contained the following spells:

 Spells                   Type           Power      Damage    Failure   Level
 Animate Skeleton         Necr           8%         N/A       10%         1
 Pain                     Necr           16%        1d4       10%         1
 Slow                     Hex            16%        N/A       10%         1
 Blink                    Tloc           8%         N/A       14%         2
 Confusing Touch          Hex            4%         N/A       28%         3
 Lesser Beckoning         Tloc           4%         N/A       28%         3
 Vampiric Draining        Necr           4%         2d6       28%         3
 Flame Wave               Conj/Fire      26%        2d7       16%         4
 Manifold Assault         Tloc           4%         N/A       95%         5


Dungeon Overview and Level Annotations

Branches:
Dungeon (3/15)

Altars:

Annotations:
D:2 1 exclusion, Crazy Yiuf


Innate Abilities, Weirdness & Mutations

You cannot wear most types of armour.
You are amphibious.
You can wear up to eight rings at the same time.
Your skin changes colour to match your surroundings (Stealth+).
Your rubbery body absorbs attacks. (AC +1, EV +1)
((You are camouflaged when in or above water. (Stealth+)))
You have tentacles for arms and can constrict up to eight enemies at once.


Message History

You conjure some foxfire!
You feel very sick. The water moccasin bites you.
You feel sick.
The foxfire hits the water moccasin.
The water moccasin is moderately wounded.
The foxfire hits the water moccasin.
The water moccasin is heavily wounded.
The water moccasin bites you.
You are lethally poisoned!
The water moccasin poisons you! The water moccasin closely misses you.
Casting: Foxfire (safe; 1% risk of failure)
Confirm with . or Enter, or press ? or * to list all spells.
You conjure some foxfire!
You feel very sick. The water moccasin barely misses you.
* * * LOW HITPOINT WARNING * * *
You feel very sick.
The foxfire hits the water moccasin.
The water moccasin is heavily wounded.
The foxfire hits the water moccasin but does no damage.
The water moccasin is heavily wounded.
The water moccasin bites you but does no damage.
Okay, then.
Okay, then.
Okay, then.
It was a potion of curing.
You feel better. The water moccasin bites you.
* * * LOW HITPOINT WARNING * * *
You are lethally poisoned!
The water moccasin poisons you! The adder misses you.
The water moccasin closely misses you.
Casting: Foxfire (safe; 1% risk of failure)
Confirm with . or Enter, or press ? or * to list all spells.
Flames lash the adder.
You kill the adder!
* * * LOW HITPOINT WARNING * * *
You feel very sick. The water moccasin misses you.
* * * LOW HITPOINT WARNING * * *
You feel sick. The water moccasin bites you.
You die...

########## #........#
#.....^..## #..@S......
... #...†......
#...####### #..........
##.........###..........
.'.........'............
#......†..##########...
#.........# ...
#........##### .#
#####..........#


You could see a water moccasin.

Vanquished Creatures
  Sigmund (D:3)
  Natasha (thrice) (D:2)
  6 adders
  A worm (D:2)
  A dart slug (D:1)
  5 orcs (D:3)
  7 ball pythons
  4 bats
  6 endoplasms
  2 giant cockroaches (D:2)
  6 goblins
  13 hobgoblins
  4 kobolds
  2 quokkas (D:2)
  3 frilled lizards
  5 rats
69 creatures vanquished.

Vanquished Creatures (others)
  182 foxfires
182 creatures vanquished.

Grand Total: 251 creatures vanquished

Notes
Turn   | Place    | Note
-------+----------+-------------------------------------------
     0 | D:1      | kae the Octopode Fire Elementalist began the quest for the
                  | Orb.
     0 | D:1      | Reached XP level 1. HP: 11/11 MP: 3/3
   237 | D:1      | Reached XP level 2. HP: 17/17 MP: 3/5
   787 | D:1      | Reached XP level 3. HP: 21/21 MP: 3/6
   790 | D:1      | Learned a level 2 spell: Scorch
   794 | D:1      | Learned a level 3 spell: Conjure Flame
  1297 | D:2      | Noticed Natasha
  1308 | D:2      | Killed Natasha
  1344 | D:2      | Reached XP level 4. HP: 26/27 MP: 1/8
  1383 | D:2      | Noticed Natasha
  1424 | D:2      | Killed Natasha
  1834 | D:2      | Noticed Natasha
  1839 | D:2      | Killed Natasha
  1840 | D:2      | Reached skill level 4 in Fire Magic
  1840 | D:2      | Reached XP level 5. HP: 29/31 MP: 3/9
  2042 | D:2      | Learned a level 3 spell: Inner Flame
  2789 | D:2      | Found a runed translucent door.
  2790 | D:2      | Noticed Crazy Yiuf
  2872 | D:3      | Noticed Sigmund
  2901 | D:3      | Killed Sigmund
  2902 | D:3      | Reached XP level 6. HP: 9/36 MP: 5/11
  3434 | D:3      | Noticed a water moccasin
  3445 | D:3      | Slain by a water moccasin

Illustrated notes

Levels and vault maps discovered:
D:1:      scummos_arrival_simple_crosswalls, layout_loops_ring,
          dreamdust_princess_bridge
D:2:      minmay_razor_zed, layout_basic, kennysheep_generic_room_8,
          uniq_natasha, uniq_crazy_yiuf_cottage
D:3:      layout_basic, ebering_ecumenical_altar_hall, uniq_sigmund

Skill      XL: |  1  2  3  4  5 |
---------------+----------------+-----
Conjurations   | 2 3 |  3.8
Spellcasting   | 3 |  3.9
Fire Magic     | 4 |  4.8
Dodging        | |  2.0
Stealth        | |  2.6

Action                   |  1- 3 |  4- 6 || total
-------------------------+-------+-------++-------
Melee: Unarmed           |    11 |       ||    11
       Tentacles         |     6 |     1 ||     7
       Constrict         |     5 |     3 ||     8
       Falchion          |    10 |    12 ||    22
 Cast: Foxfire           |    46 |    66 ||   112
       Scorch            |       |     9 ||     9
  Use: Potion            |       |     1 ||     1
 Stab: Sleeping          |     2 |       ||     2
Armor: Skin              |     1 |    12 ||    13
Dodge: Dodged            |    14 |    29 ||    43

Table legend: (Time is in decaauts)
 A = Elapsed time spent in this place.
 B = Non-inter-level travel time spent in this place.
 C = Inter-level travel time spent in this place.
 D = Time resting spent in this place.
 E = Time spent auto-exploring this place.
 F = Levels seen in this place.
 G = Mean time per level.
                   A        B        C        D        E       F      G
               +--------+--------+--------+--------+--------+-----+--------+
         Total |   3449 |   3380 |     69 |     23 |   2837 |   3 | 1149.7 |
       Dungeon |   3449 |   3380 |     69 |     23 |   2837 |   3 | 1149.7 |
               +--------+--------+--------+--------+--------+-----+--------+

Top non-repeatable levels by time:
     D:2: 1665 daAuts
     D:1: 1161 daAuts
     D:3: 623 daAuts
